 Dungeon Crawl Stone Soup version 0.18.1-48-g4cf74bf (webtiles) character file.

483 Inkary the Shield-Bearer (level 6, -4/57 HPs)
             Began as a Minotaur Fighter on Aug 25, 2016.
             Killed by divine providence
             ... invoked by an orc priest
              (10 damage)
             ... on level 5 of the Dungeon.
             The game lasted 00:07:04 (2480 turns).

Inkary the Shield-Bearer (Minotaur Fighter)         Turns: 2480, Time: 00:07:05

Health: -4/57      AC: 10    Str: 19 (20) XL:     6   Next: 88%
Magic:  5/5        EV:  8    Int:  5      God:
Gold:   37         SH: 10    Dex: 12      Spells: 0 memorised, 5 levels left

rFire  . . .     SeeInvis .     a - +0 flail
rCold  . . .     Gourm    .     i - +3 ring mail
rNeg   . . .     Faith    .     c - +0 shield
rPois  .         Spirit   .     (helmet unavailable)
rElec  .         Dismiss  .     g - +0 cloak
rCorr  .         Reflect  .     (no gloves)
SustAt .         Harm     .     (no boots)
MR     .....     Clarity  +     (no amulet)
Stlth  +......... Rnd*Tele +    (no ring)
                                u - ring of wizardry

@: lethally poisoned (-4 -> -7), not resistant to hostile enchantments, very
unstealthy
A: retaliatory headbutt, horns 3, clarity, deterioration 1, teleportitis 1
a: no special abilities


You were on level 5 of the Dungeon.
You were hungry.

You visited 1 branch of the dungeon, and saw 5 of its levels.

You collected 235 gold pieces.
You spent 198 gold pieces at shops.

Inventory:

Hand Weapons
 a - a +0 flail (weapon)
Armour
 c - a +0 shield (worn)
 g - a +0 cloak (worn)
 i - a +3 ring mail (worn)
 x - a +1 scale mail of poison resistance
Jewellery
 r - an uncursed amulet of regeneration {unknown}
 u - a ring of wizardry (left hand)
 y - an uncursed ring of stealth {unknown}
Wands
 v - a wand of flame (21/48)
Scrolls
 b - a scroll of remove curse {unknown}
 e - a scroll of recharging {unknown}
 m - a scroll of fog {unknown}
 p - a scroll of random uselessness {unknown}
 q - a scroll of fear {unknown}
Potions
 d - a potion of might
 h - 2 potions of curing
 j - a potion of flight
 l - a potion of lignification {unknown}
 n - a potion of invisibility {unknown}
 o - a potion of agility {unknown}
 s - a potion of magic {unknown}
 t - 2 potions of heal wounds {unknown}
 z - a potion of resistance {unknown}
Books
 w - a Fen Folio

   Spells                             Type                      Level
   a - Corpse Rot                     Necromancy                   2
   b - Stone Arrow                    Conjuration/Earth            3
   c - Leda's Liquefaction            Hexes/Earth                  4
   d - Summon Forest                  Summoning/Translocation      5
   e - Hydra Form                     Transmutation                6
   f - Summon Hydra                   Summoning                    7
Comestibles
 f - 7 bread rations
 k - 4 beef jerkies
 A - 2 meat rations


   Skills:
 + Level 5.7 Fighting
 + Level 4.6 Maces & Flails
 + Level 5.6 Armour
 + Level 5.9 Shields


You had 5 spell levels left.
You didn't know any spells.

Dungeon Overview and Level Annotations

Branches:
Dungeon (5/15)
 Temple: D:4-7

Altars:
Qazlal
Sif Muna
Vehumet
Xom

Shops:
D:4 %


Innate Abilities, Weirdness & Mutations

You reflexively headbutt those who attack you in melee.
You have a pair of large horns on your head.
You possess an exceptional clarity of mind.
Your body sometimes deteriorates upon taking damage.
You are occasionally teleported next to monsters.


Message History

The water moccasin is heavily wounded.
You feel sick. You block the water moccasin's attack.
The orc barely misses you. The water moccasin barely misses you.
Your shield prevents you from hitting the water moccasin.
The water moccasin is heavily wounded.
You feel sick. The water moccasin bites you. You block the orc's attack.
The orc priest hits you with an enchanted morningstar.
The water moccasin bites you but does no damage.
You hit the water moccasin but do no damage.
The water moccasin is heavily wounded.
You feel sick.
You block the orc's attack. x2; The water moccasin bites you!
* * * LOW HITPOINT WARNING * * *
The orc priest hits you with an enchanted morningstar.
* * * LOW HITPOINT WARNING * * *
The orc hits you but does no damage. You block the orc's attack.
You feel sick. You block the water moccasin's attack.
The orc barely misses you.
The orc priest calls down the wrath of Beogh upon you.
Beogh smites you!
You die...

####.........[..
###.......#.#
#.......#.#
#.......#.#
####.####.#
#.####.#####
#..........#
####..##...##
#.....<.@#o##.###.
....##..##.S?o......
### #.....oo.......
##.###.###....# #.#
#.# ...# #.# #.# ...
#.. ... .. #. ### .


You could see a water moccasin, an orc priest and 2 orcs.

Vanquished Creatures
  The ghost of baljet the Poker, an amateur MfIE (D:4)
  A phantom (D:4)
  A howler monkey (D:4)
  2 worker ants (D:4)
  2 hound skeletons
  A howler monkey skeleton (D:4)
  5 adders
  An ooze (D:2)
  2 adder skeletons (D:4)
  4 worms
  A dart slug (D:3)
  3 giant geckos
  6 orcs (D:4)
  3 giant cockroaches
  10 goblins
  4 hobgoblins
  7 jackals
  3 quokkas
  9 bats
  3 giant newts (D:3)
  6 kobolds
  A quokka skeleton (D:4)
  5 rats
81 creatures vanquished.

Notes
Turn   | Place    | Note
--------------------------------------------------------------
     0 | D:1      | Inkary the Minotaur Fighter began the quest for the Orb.
     0 | D:1      | Reached XP level 1. HP: 19/19 MP: 0/0
   120 | D:1      | Reached XP level 2. HP: 27/27 MP: 1/1
   539 | D:2      | Reached XP level 3. HP: 28/33 MP: 2/2
   908 | D:2      | Found a shimmering altar of Xom.
   908 | D:2      | Found a deep blue altar of Sif Muna.
  1170 | D:3      | Reached XP level 4. HP: 41/41 MP: 3/3
  1584 | D:4      | Reached XP level 5. HP: 38/47 MP: 4/4
  1595 | D:4      | Found a stormy altar of Qazlal.
  1617 | D:4      | Noticed baljet's ghost (amateur MfIE)
  1861 | D:3      | Gained mutation: Your body sometimes deteriorates upon taking damage. [potion of mutation]
  1861 | D:3      | Gained mutation: You possess an exceptional clarity of mind. [potion of mutation]
  1861 | D:3      | Gained mutation: You are occasionally teleported next to monsters. [potion of mutation]
  1862 | D:3      | Gained mutation: You have a pair of large horns on your head. [potion of mutation]
  1879 | D:4      | Killed baljet's ghost
  1879 | D:4      | Reached skill level 5 in Fighting
  1879 | D:4      | Reached skill level 5 in Armour
  1879 | D:4      | Reached skill level 5 in Shields
  1879 | D:4      | Reached XP level 6. HP: 26/56 MP: 5/5
  2002 | D:4      | Found Legil's Food Shoppe.
  2014 | D:4      | Bought a bread ration for 60 gold pieces
  2014 | D:4      | Bought a bread ration for 60 gold pieces
  2014 | D:4      | Bought a bread ration for 60 gold pieces
  2222 | D:4      | Found a radiant altar of Vehumet.
  2400 | D:4      | Bought a beef jerky for 18 gold pieces
  2423 | D:5      | Entered Level 5 of the Dungeon
  2469 | D:5      | Noticed a water moccasin
  2480 | D:5      | Killed from afar by an orc priest

Skill      XL: |  1  2  3  4  5 |
---------------+----------------+-----
Shields        | 4 5 |  5.9
Armour         | 4 5 |  5.6
Fighting       | 4 5 |  5.7
Maces & Flails | 3 4 |  4.6

Action                   |  1- 3 |  4- 6 || total
-------------------------+-------+-------++-------
Melee: Flail             |   122 |   135 ||   257
       Headbutt          |    16 |    20 ||    36
Evoke: Wand              |       |     6 ||     6
  Use: Scroll            |       |     4 ||     4
       Potion            |       |     2 ||     2
  Eat: Chunk             |       |     5 ||     5
Armor: Scale mail        |    58 |    43 ||   101
       Ring mail         |       |    23 ||    23
Dodge: Dodged            |    45 |    53 ||    98
Block: Shield            |    72 |    83 ||   155
